Map: Port Aleksander LE

Players

macromore

  • Race: Terran Terran
  • League: Diamond
  • Spawn Location: 11:00

VOD

Have the link to the VOD?

Description

Time

  • Played on: Feb. 27, 2019, 3:48 p.m.
  • Length: 14:29
Show
View Real Time Build Order
Export as new Build Order

macromore Terran 

Build Orders:  

Get SALT Encoding   

  12  0:01  SCV  
  13  0:18  SCV  
  14  0:25  Supply Depot  
  14  0:35  SCV  
  15  0:55  SCV  
  15  0:58  Barracks  
  16  1:06  Refinery  
  16  1:14  SCV  
  17  1:31  SCV  
  18  1:48  SCV  
  19  2:05  Orbital Command  
  20  2:14  Reaper  
  20  2:26  Command Center  
  20  2:41  SCV  
  21  2:54  Barracks Reactor  
  21  2:59  Refinery  
  21  3:10  Supply Depot, SCV  
  22  3:24  Factory  
  22  3:27  SCV  
  23  3:44  SCV  
  23  3:46  Marine x2  
  26  4:01  SCV  
  26  4:07  Orbital Command  
  27  4:12  Marine x2  
  27  4:18  SCV  
  30  4:24  Barracks  
  30  4:28  Starport  
  30  4:33  Factory Tech Lab  
  30  4:34  SCV  
  30  4:37  Marine x2  
  33  4:45  SCV  
  34  4:51  SCV  
  34  4:56  Supply Depot  
  35  5:02  SCV  
  35  5:05  Marine  
  35  5:06  Marine  
  38  5:19  SCV  
  39  5:22  SCV  
  43  5:33  Raven  
  43  5:36  SCV  
  43  5:39  SCV  
  44  5:41  Barracks Tech Lab  
  44  5:42  Barracks  
  44  5:48  Marine x2  
  46  5:53  Supply Depot  
  46  5:55  SCV  
  46  5:56  SCV  
  48  6:09  Bunker  
  48  6:12  Refinery, SCV  
  48  6:13  SCV  
  48  6:18  Stimpack  
  50  6:20  Marine  
  50  6:21  Marine  
  52  6:30  Supply Depot  
  52  6:31  Marauder  
  54  6:58  Marine x2  
  56  7:01  SCV x2  
  56  7:03  Unknown  
  56  7:05  Marauder  
  60  7:13  Marauder  
  60  7:17  SCV  
  60  7:18  SCV  
  64  7:26  Marine  
  64  7:27  Marine  
  64  7:29  Factory Tech Lab  
  66  7:34  Factory Reactor, SCV  
  66  7:35  Starport Reactor  
  66  7:36  Marauder  
  69  7:49  Supply Depot  
  69  7:55  Engineering Bay  
  69  7:57  SCV  
  70  8:01  Marauder, Marine x2, SCV  
  75  8:12  Marauder  
  75  8:14  SCV  
  75  8:16  Refinery  
  75  8:19  Widow Mine x2, SCV  
  79  8:28  Marine x2  
  85  8:36  Terran Infantry Weapons Level 1  
  85  8:48  Marauder, Medivac  
  89  8:51  Supply Depot, Widow Mine  
  89  8:52  Supply Depot  
  89  8:59  Medivac  
  91  9:02  Marine  
  91  9:08  Concussive Shells  
  94  9:11  Widow Mine  
  94  9:21  Marine x3, SCV x2  
  94  9:23  Supply Depot  
  94  9:27  Supply Depot, Widow Mine  
  101  9:35  Command Center  
  101  9:38  Medivac, SCV x2  
  107  9:46  Marauder  
  109  9:54  Widow Mine  
  109  9:55  SCV x2  
  111  10:00  Supply Depot  
  111  10:02  Marauder, Marine  
  111  10:03  Marine  
  111  10:05  Medivac  
  119  10:14  Widow Mine  
  119  10:16  Marine  
  119  10:19  Barracks  
  120  10:21  Barracks, Medivac  
  120  10:27  Marine  
  125  10:36  Supply Depot  
  125  10:39  Supply Depot  
  125  10:46  SCV x2  
  125  10:47  Medivac, Marine x2, Widow Mine x2  
  125  10:48  Marauder  
  133  10:55  Marine  
  138  11:02  SCV  
  138  11:03  SCV  
  138  11:09  Medivac  
  142  11:12  Marauder  
  142  11:16  Terran Infantry Armor Level 1  
  144  11:28  Widow Mine x2  
  144  11:35  Marine x2, Barracks Reactor  
  144  11:36  Barracks Tech Lab  
  144  11:37  Marauder  
  151  11:45  Marine  
  151  11:51  Orbital Command  
  151  11:59  SCV x2  
  153  12:00  Marine  
  153  12:09  Widow Mine x2  
  154  12:12  Ghost Academy  
  154  12:16  Refinery, SCV  
  154  12:17  Marine x2  
  154  12:18  Refinery, Marauder, Marine  
  164  12:20  Medivac x2  
  164  12:24  SCV  
  169  12:31  Supply Depot  
  169  12:33  SCV  
  169  12:38  Supply Depot  
  170  12:40  Armory  
  170  12:41  SCV  
  170  12:42  Engineering Bay, Marauder  
  173  13:01  Marauder x2, Marine x4  
  181  13:10  SCV x2  
  181  13:12  Marine  
  181  13:13  Supply Depot  
  181  13:16  Supply Depot  
  82  13:30  Widow Mine x2  
  182  13:31  Ghost x2  
  182  13:35  Marine x4  
  182  13:37  Marine  
  182  13:39  Unknown  
  167  13:40  Unknown  
  167  13:41  Unknown, Viking x2  
  167  13:42  SCV x3  
  163  14:18  Starport  
Tags
 
Add a new tag
Caveats
  • Supply blocks, unpowered buildings, or Contaminate may cause inaccurate times.
  • Supply counts are checked every 10 seconds.